 Dungeon Crawl Stone Soup version 0.28-a0-1518-gbe868bca14 (webtiles) character file.

Game seed: 4028157551370664976

139 knot the Chopper (level 5, 32/41 HPs)
             Began as a Demonspawn Berserker on Jan 17, 2022.
             Was a Believer of Trog.
             Quit the game on level 3 of the Dungeon.
             The game lasted 00:02:15 (2973 turns).

knot the Chopper (Demonspawn Berserker)             Turns: 2973, Time: 00:02:15

Health: 32/41      AC:  7    Str: 17    XL:     5   Next: 1%
Magic:  5/5        EV: 11    Int: 11    God:    Trog [**....]
Gold:   84         SH:  0    Dex: 12    Spells: 4/4 levels left

rFire   + . .      SeeInvis .   a - +0 hand axe
rCold   . . .      Faith    .   (no shield)
rNeg    . . .      Spirit   .   m - +0 ring mail
rPois   .          Reflect  .   (helmet restricted)
rElec   .          Harm     .   (no cloak)
rCorr   .          Rampage  .   (no gloves)
Will    .....                   (no boots)
Stlth   +.........              (no amulet)
HPRegen 0.13/turn               g - ring of flight
MPRegen 0.09/turn               j - ring of protection from fire

@: flying
A: antennae 1, thin metallic scales 1
a: Renounce Religion, Berserk, Trog's Hand


You were on level 3 of the Dungeon.
You worshipped Trog.
Trog was pleased with you.
You visited 1 branch of the dungeon, and saw 3 of its levels.

You collected 84 gold pieces.

Inventory:

Hand Weapons
 a - a +0 hand axe (weapon)
Missiles
 h - 9 sling bullets
 i - 62 stones (quivered)
Armour
 m - a +0 ring mail (worn)
Jewellery
 g - a ring of flight (left hand)
 j - a ring of protection from fire (right hand)
Scrolls
 c - 2 scrolls of enchant armour {unknown}
 d - a scroll of enchant weapon {unknown}
 e - a scroll of teleportation {unknown}
 k - a scroll of torment {unknown}
Potions
 b - a potion of brilliance {unknown}
 f - a potion of berserk rage {unknown}
 l - a potion of magic {unknown}
 n - a potion of attraction {unknown}


   Skills:
 - Level 3.0 Fighting
 + Level 5.2 Axes
 - Level 1.7 Armour
 - Level 1.7 Dodging


You had 4 spell levels left.
You didn't know any spells.
Your spell library contained the following spells:

 Spells                   Type           Power      Damage    Failure   Level
 Sublimation of Blood     Necr           0%         N/A       67%         2
 Wereblood                Tmut           0%         N/A       67%         2
 Summon Hydra             Summ           0%         N/A       100%        7


Dungeon Overview and Level Annotations

Branches:
Dungeon (3/15)

Altars:
Wu Jian

Shops:
D:1 !   D:2 :


Innate Abilities, Weirdness & Mutations

You have a pair of small antennae on your head.
You are partially covered in thin metallic scales. (AC +2)


Message History

The hound zombie is moderately damaged.
The hound zombie bites you but does no damage.
You hit the hound zombie.
The hound zombie is heavily damaged.
The hound zombie bites you but does no damage.
You barely miss the hound zombie.
The hound zombie is heavily damaged.
The hound zombie bites you but does no damage. x2
You closely miss the hound zombie.
The hound zombie is heavily damaged.
The hound zombie bites you.
You slash the hound zombie!
The hound zombie is almost destroyed.
The hound zombie misses you.
You barely miss the hound zombie.
The hound zombie is almost destroyed.
The hound zombie bites you.
You barely miss the hound zombie.
The hound zombie is almost destroyed.
The hound zombie closely misses you.
The hound zombie bites you but does no damage.
You hit the hound zombie.
The hound zombie is almost destroyed.
The hound zombie bites you but does no damage.
You closely miss the hound zombie.
The hound zombie is almost destroyed.
The hound zombie bites you. The hound zombie barely misses you.
You hit the hound zombie but do no damage.
The hound zombie is almost destroyed.
The hound zombie bites you.
You closely miss the hound zombie.
The hound zombie is almost destroyed.
The hound zombie bites you.
You slash the hound zombie!
You destroy the hound zombie!
Trog accepts your kill.
You have reached level 5!
Your demonic ancestry asserts itself...
Thin metallic scales grow over part of your body.
Are you sure you want to abandon this character and quit the game? (Confirm with "yes".)

##########.P.....
#........#.P.####
#........#.P...## #
#........#...#.## #.
##........#......# ##..
#.........#.#.#..# .....
+........†..#.#..#
##....#.##.######.#.#..#
.......@##........#.#..#
............####†...#...
.......####.####....##.#
....... ........._.>#.#
....... ##.#####....#..
##+###. .# #...>### #.
#####.#...## #.
#.....#.....
#.###.#.#.##


There were no monsters in sight!

Vanquished Creatures
  A scorpion (D:3)
  A hound zombie (D:3)
  2 adders (D:2)
  2 worms (D:2)
  5 bats
  4 endoplasms
  13 giant cockroaches (D:2)
  3 goblins
  2 hobgoblins
  A kobold (D:1)
  4 ball pythons
  3 frilled lizards
  A rat (D:1)
42 creatures vanquished.

Notes
Turn   | Place    | Note
-------+----------+-------------------------------------------
     0 | D:1      | knot the Demonspawn Berserker began the quest for the Orb.
     0 | D:1      | Reached XP level 1. HP: 18/18 MP: 1/1
   128 | D:1      | Reached skill level 3 in Axes
   669 | D:1      | Gained mutation: You have a pair of small antennae on your
                  | head. [demonic ancestry]
   669 | D:1      | Reached XP level 2. HP: 13/24 MP: 2/2
  1081 | D:1      | Found Ruanucka's Distillery.
  1860 | D:2      | Reached XP level 3. HP: 29/29 MP: 3/3
  1942 | D:2      | Reached skill level 4 in Axes
  2254 | D:2      | Found Pastropp's Book Boutique.
  2534 | D:2      | Reached ** piety under Trog
  2790 | D:3      | Found an ornate altar of the Wu Jian Council.
  2792 | D:3      | Reached XP level 4. HP: 35/35 MP: 4/4
  2815 | D:3      | Noticed a scorpion
  2824 | D:3      | Killed a scorpion
  2825 | D:3      | Reached skill level 5 in Axes
  2973 | D:3      | Gained mutation: You are partially covered in thin metallic
                  | scales. (AC +2) [demonic ancestry]
  2973 | D:3      | Reached XP level 5. HP: 32/41 MP: 5/5
  2973 | D:3      | Quit the game

Illustrated notes

Levels and vault maps discovered:
D:1:      nzn_arrival_settlement, layout_loops_corners, serial_shops,
          nicolae_shop_hallway_plus
D:2:      minmay_roachtagon, layout_basic, serial_shops, shop_statue,
          kennysheep_donut
D:3:      layout_basic, dancing_weapons_uskayaw, mainiacjoe_overflow_boulevard,
          shapermc_ecumenical_altar_flowoftime, chequers_hall_statues_wall_a,
          minmay_quantized, uniq_grinder

Skill      XL: |  1  2  3  4 |
---------------+-------------+-----
Axes           | 3 4 5 |  5.2
Fighting       | |  3.0
Armour         | |  1.7
Dodging        | |  1.7

Action                   |  1- 3 |  4- 6 || total
-------------------------+-------+-------++-------
Melee: Hand axe          |   102 |    25 ||   127
Invok: Berserk           |     3 |     1 ||     4
 Stab: Sleeping          |     1 |       ||     1
Armor: Animal skin       |    16 |       ||    16
       Ring mail         |     8 |    12 ||    20
Dodge: Dodged            |    70 |     9 ||    79

Table legend: (Time is in decaauts)
 A = Elapsed time spent in this place.
 B = Non-inter-level travel time spent in this place.
 C = Inter-level travel time spent in this place.
 D = Time resting spent in this place.
 E = Time spent auto-exploring this place.
 F = Levels seen in this place.
 G = Mean time per level.
                   A        B        C        D        E       F      G
               +--------+--------+--------+--------+--------+-----+--------+
         Total |   3016 |   2975 |     41 |    966 |   1679 |   3 | 1005.3 |
       Dungeon |   3016 |   2975 |     41 |    966 |   1679 |   3 | 1005.3 |
               +--------+--------+--------+--------+--------+-----+--------+

Top non-repeatable levels by time:
     D:2: 1461 daAuts
     D:1: 1332 daAuts
     D:3: 223 daAuts
